 Dungeon Crawl Stone Soup version 0.31-a0-1227-g0136665373 (webtiles) character file.

Game seed: 17783321391226455070

1702 gelatine the Conjurer (level 8, -3/57 HPs)
             Began as a Demonspawn Conjurer on Dec 14, 2023.
             Slain by Maggie
             ... wielding a +1 long sword of distortion
              (11 damage)
             ... on level 6 of the Dungeon.
             The game lasted 00:16:39 (5888 turns).

gelatine the Conjurer (Demonspawn Conjurer)         Turns: 5888, Time: 00:16:40

Health: -3/57      AC:  3    Str: 13    XL:     8   Next: 73%
Magic:  6/16       EV: 12    Int: 22    God:
Gold:   413        SH:  0    Dex: 11    Spells: 4/18 levels left

rFire   . . .        p - +5 woodcutter's axe
rCold   . . .        (shield currently unavailable)
rNeg    . . .        a - +0 robe
rPois   .            (no helmet)
rElec   .            t - +0 cloak
rCorr   .            (no gloves)
SInv    .            (no boots)
Will    +....        (no amulet)
Stlth   ++           v - +6 ring of strength
HPRegen 0.29/turn    f - ring of willpower
MPRegen 0.15/turn

%: no passive effects
@: mesmerised
A: hooves 1, demonic guardian 2, powered by death 1
a: no special abilities


You were on level 6 of the Dungeon.
You visited 1 branch of the dungeon, and saw 6 of its levels.

You collected 413 gold pieces.

Inventory:

Hand Weapons
 p - the +5 woodcutter's axe (weapon)
   (You found it on level 3 of the Dungeon)
 q - a +4 short sword
 s - a +2 quarterstaff of chaos
Armour
 a - a +0 robe (worn)
 t - a +0 cloak (worn)
Jewellery
 e - a ring of protection from cold
 f - a ring of willpower (right hand)
 k - a ring of flight
 v - a +6 ring of strength (left hand)
Wands
 j - a wand of mindburst (11)
Scrolls
 d - a scroll of enchant armour {unknown}
 g - a scroll of vulnerability {unknown}
 h - 3 scrolls of teleportation
 n - 2 scrolls of fear {unknown}
 o - a scroll of blinking {unknown}
Potions
 b - 3 potions of magic
 c - a potion of haste
 i - a potion of berserk rage
 l - a potion of brilliance
 m - 2 potions of might {unknown}
 r - 2 potions of heal wounds {unknown}
 u - a potion of mutation {unknown}


   Skills:
 * Level 2.9 Fighting
 + Level 0.4 Axes
 * Level 3.5 Dodging
 + Level 2.7 Stealth
 + Level 0.3 Unarmed Combat
 * Level 5.8 Spellcasting
 * Level 7.3 Conjurations
 * Level 0.4 Hexes
 * Level 2.8 Translocations
 * Level 3.0 Evocations


You had 4 spell levels left.
You knew the following spells:

 Your Spells              Type           Power      Damage    Failure   Level
a - Magic Dart            Conj           100%       1d8       1%          1
b - Searing Ray           Conj           76%        2d7       1%          2
c - Iskenderun's Mystic   Conj/Tloc      28%        2d7       12%         4
d - Dazzling Flash        Conj/Hex       46%        N/A       5%          3
e - Fulminant Prism       Conj/Hex       11%        3d8       19%         4

Your spell library contained the following spells:

 Spells                   Type           Power      Damage    Failure   Level


Dungeon Overview and Level Annotations

Branches:
Dungeon (6/15)
 Temple: D:4-7

Altars:

Shops:
D:5 =

Annotations:
D:6 Maggie


Innate Abilities, Weirdness & Mutations

You have large cloven feet.
A demonic guardian rushes to your aid.
You regenerate a little health from kills.


Message History

The searing ray hits Maggie.
Maggie is severely wounded.
Maggie casts a spell.
Maggie attempts to bespell you!
You easily resist.
The searing ray misses Maggie.
Maggie casts a spell.
Maggie attempts to bespell you!
You are mesmerised by Maggie!
The searing ray hits Maggie but does no damage.
Maggie is severely wounded.
You finish channelling your searing ray.
Maggie practices a pose.
Maggie closely misses you.
Casting: Searing Ray (safe; 1% risk of failure)
Confirm with . or Enter, or press ? or * to list all spells.
Aiming: Searing Ray (safe; 1% risk of failure)
Press: ? - help, Shift-Dir - straight line, f/p - Maggie
Aim: Maggie, wielding a +1 long sword of distortion, wearing +0 swamp dragon scales and carrying a wand of flame (severely wounded, mesmerising, 83% to hit)
The searing ray hits Maggie.
Maggie is severely wounded. (Press . to maintain the ray.) Maggie completely misses you.
The searing ray hits Maggie.
Maggie is severely wounded.
Maggie points at you and mumbles some strange words.
The bolt of fire hits you!
The searing ray hits Maggie!
Maggie is almost dead.
Maggie closely misses you.
The searing ray hits Maggie.
Maggie is almost dead.
You finish channelling your searing ray.
Maggie hits you with a +1 long sword of distortion!
* * * LOW HITPOINT WARNING * * *
Space warps around you.
* * * LOW HITPOINT WARNING * * *
You hit Maggie. Your kick misses Maggie.
Maggie is almost dead.
Maggie hits you with a +1 long sword of distortion!
You die...

.## ..# #.# #.#
#.# #.# #@# #@#
##.# ##.#.#
#..#####.###.##
#.......## #.#
#..#####.###.##
##.#.#######
##........#
#######
#..#####.#


You could see Maggie (mesmerising).

Vanquished Creatures
  Prince Ribbit (D:6)
  The ghost of pigah the Insei, an amateur OpSh (D:5)
  A water moccasin (D:5)
  A black bear (D:4)
  2 ogres
  A phantom (D:4)
  A bullfrog (D:5)
  A gnoll sergeant (D:3)
  3 scorpions
  A crimson imp (D:5)
  Crazy Yiuf (D:4)
  2 jellies
  3 iguanas
  A sleepcap (D:6)
  Natasha (thrice) (D:4)
  A howler monkey zombie (D:5)
  7 gnolls
  8 adders
  A white imp (D:5)
  2 ufetubi (D:5)
  A worm (D:2)
  A dart slug (D:2)
  2 orcs
  6 ball pythons
  7 endoplasms
  3 giant cockroaches
  4 goblins
  12 hobgoblins
  5 jackals (D:4)
  4 kobolds
  3 quokkas
  2 bats
  3 frilled lizards
  6 rats
101 creatures vanquished.

Vanquished Creatures (collateral kills)
  A bullfrog zombie (D:5)
  A killer bee zombie (D:5)
  A rat (D:2)
3 creatures vanquished.

Vanquished Creatures (others)
  2 fulminant prisms (D:6)
2 creatures vanquished.

Grand Total: 106 creatures vanquished

Notes
Turn   | Place    | Note
-------+----------+-------------------------------------------
     0 | D:1      | gelatine the Demonspawn Conjurer began the quest for the
                  | Orb.
     0 | D:1      | Reached XP level 1. HP: 13/13 MP: 3/3
   274 | D:1      | Gained mutation: A weak demonic guardian rushes to your
                  | aid. [demonic ancestry]
   274 | D:1      | Reached XP level 2. HP: 19/19 MP: 3/5
   791 | D:2      | Learned a level 2 spell: Searing Ray
   816 | D:2      | Reached XP level 3. HP: 17/24 MP: 0/6
  1499 | D:2      | Reached skill level 1 in Fighting
  1632 | D:2      | Reached skill level 5 in Conjurations
  1632 | D:2      | Reached XP level 4. HP: 32/32 MP: 2/7
  1729 | D:2      | Learned a level 4 spell: Iskenderun's Mystic Blast
  2292 | D:3      | Noticed a gnoll sergeant
  2292 | D:3      | Found the +5 woodcutter's axe
  2299 | D:3      | HP: 1/32 [gnoll/+0 spear (2)]
  2559 | D:3      | Killed a gnoll sergeant
  2560 | D:3      | Gained mutation: You have large cloven feet. [demonic
                  | ancestry]
  2560 | D:3      | Reached XP level 5. HP: 28/37 MP: 1/9
  2639 | D:3      | Reached skill level 1 in Evocations
  2713 | D:4      | Noticed a black bear
  2723 | D:4      | Killed a black bear
  2724 | D:4      | Gained mutation: You regenerate a little health from kills.
                  | [demonic ancestry]
  2724 | D:4      | Reached XP level 6. HP: 11/43 MP: 3/11
  2742 | D:4      | Reached skill level 1 in Translocations
  3329 | D:4      | Noticed Natasha
  3334 | D:4      | Killed Natasha
  3616 | D:4      | Noticed Natasha
  3622 | D:4      | Killed Natasha
  3734 | D:4      | Noticed Natasha
  3737 | D:4      | Reached XP level 7. HP: 49/49 MP: 4/12
  3745 | D:4      | Killed Natasha
  3746 | D:4      | Reached skill level 6 in Conjurations
  3940 | D:4      | Found a runed translucent door.
  3941 | D:4      | Noticed Crazy Yiuf
  4167 | D:4      | Killed Crazy Yiuf
  4269 | D:5      | Entered Level 5 of the Dungeon
  4331 | D:5      | Found a runed translucent gate.
  4331 | D:5      | Found a runed translucent gate.
  4331 | D:5      | Found a runed translucent gate.
  4332 | D:5      | Noticed pigah's ghost (amateur OpSh)
  4841 | D:5      | Gained mutation: A demonic guardian rushes to your aid.
                  | [demonic ancestry]
  4841 | D:5      | Reached XP level 8. HP: 57/57 MP: 4/14
  4847 | D:5      | Identified the +0 plate armour of Proximity {Harm rF+
                  | Will+}
  5040 | D:5      | Found Juix Korr's Jewellery Boutique.
  5381 | D:5      | Killed pigah's ghost
  5382 | D:5      | Reached skill level 5 in Spellcasting
  5382 | D:5      | Reached skill level 7 in Conjurations
  5626 | D:6      | Learned a level 3 spell: Dazzling Flash
  5631 | D:6      | Learned a level 4 spell: Fulminant Prism
  5667 | D:6      | Noticed Prince Ribbit
  5680 | D:6      | Killed Prince Ribbit
  5876 | D:6      | Noticed Maggie
  5888 | D:6      | Slain by Maggie

Illustrated notes

Levels and vault maps discovered:
D:1:      eino_arrival_tree_alley, layout_rooms, nicolae_houndstooth_variations
D:2:      layout_rooms, minmay_distorted
D:3:      layout_rooms, pf_guarded_unrand_woodcutter
D:4:      layout_loops_cross, tso_oasis_becter, kennysheep_opposing_triangles,
          uniq_crazy_yiuf_cottage, uniq_natasha
D:5:      layout_cave_pools, gammafunk_ghost_necromancy, serial_park,
          serial_park_avenue1, serial_park_tiny_2, serial_park_square2,
          serial_park_tiny_2, serial_shops, nicolae_shop_tiny_statue_garden,
          minmay_fire_ice_demons
D:6:      layout_loops_cross, nicolae_overflow_hidden_temple,
          minmay_temple_entry_overgrown, uniq_prince_ribbit1, uniq_edmund,
          uniq_blork_the_orc, uniq_maggie

Skill      XL: |  1  2  3  4  5  6  7  8 |
---------------+-------------------------+-----
Dodging        | 2 3 |  3.5
Fighting       | 1 2 |  2.9
Conjurations   | 5 6 7 |  7.3
Spellcasting   | 3 4 5 |  5.8
Evocations     | 1 2 3 |  3.0
Stealth        | 2 |  2.7
Translocations | 1 2 |  2.8
Axes           | |  0.4
Unarmed Combat | |  0.3
Hexes          | |  0.4

Action                     |  1- 3 |  4- 6 |  7- 9 || total
---------------------------+-------+-------+-------++-------
  Melee: Unarmed           |    40 |       |       ||    40
         Battleaxe         |       |    32 |    19 ||    51
         Kick              |       |     8 |     7 ||    15
   Cast: Magic Dart        |    75 |    79 |    93 ||   247
         Searing Ray       |     1 |    10 |    11 ||    22
         Iskenderun's Myst |       |     1 |     2 ||     3
         Fulminant Prism   |       |       |     2 ||     2
    Use: Scroll            |       |       |     4 ||     4
 Armour: Robe              |    21 |    35 |    29 ||    85
  Dodge: Dodged            |    22 |    27 |    17 ||    66

Table legend: (Time is in decaauts)
 A = Elapsed time spent in this place.
 B = Non-inter-level travel time spent in this place.
 C = Inter-level travel time spent in this place.
 D = Time resting spent in this place.
 E = Time spent auto-exploring this place.
 F = Levels seen in this place.
 G = Mean time per level.
                   A        B        C        D        E       F      G
               +--------+--------+--------+--------+--------+-----+--------+
         Total |   5885 |   5687 |    198 |      0 |   4924 |   6 |  980.8 |
       Dungeon |   5885 |   5687 |    198 |      0 |   4924 |   6 |  980.8 |
               +--------+--------+--------+--------+--------+-----+--------+

Top non-repeatable levels by time:
     D:4: 1609 daAuts
     D:5: 1201 daAuts
     D:2: 1103 daAuts
     D:1: 782 daAuts
     D:3: 772 daAuts
     D:6: 415 daAuts
